 Dungeon Crawl Stone Soup version 0.27.0-1-g7a089689b8 (webtiles) character file.

Game seed: 1507017628134846205

1 Spectrina the Magician (level 1, 0/15 HPs)
             Began as a Djinni Necromancer on Aug 17, 2021.
             Slain by a bat (1 damage)
             ... on level 1 of the Dungeon.
             The game lasted 00:00:31 (73 turns).

Spectrina the Magician (Djinni Necromancer)           Turns: 73, Time: 00:00:31

Health: 0/15       AC:  2    Str:  7    XL:     1   Next: 22%
Gold:   33         EV: 12    Int: 16    God:
                   SH:  0    Dex: 13

rFire    + + .     SeeInvis .   (no weapon)
rCold    x . .     Faith    .   (no shield)
rNeg     . . .     Spirit   .   a - +0 robe
rPois    ∞         Reflect  .   (no helmet)
rElec    .         Harm     .   (no cloak)
rCorr    .         Rampage  .   (no gloves)
Will     .....                  (boots unavailable)
Stlth    ++........             (no amulet)
HPRegen  0.05/turn              (no ring)
MPRegen  0.00/turn              (no ring)

@: flying
A: sickness immunity, fire resistance 2, cold vulnerability 1, float, innate
caster, hp casting, extra vitality 1
a: no special abilities


You were on level 1 of the Dungeon.
You visited 1 branch of the dungeon, and saw 2 of its levels.

You collected 33 gold pieces.

Inventory:

Missiles
 b - 15 stones
Armour
 a - a +0 robe (worn)
Potions
 c - a potion of haste {unknown}


   Skills:
 - Level 2.1 Dodging
 - Level 1.5 Stealth
 + Level 3.3 Spellcasting


You couldn't memorise any spells.
You knew the following spells:

 Your Spells              Type           Power      Damage    Failure   Level
a - Pain                  Necr           52%        1d6       4%          1
b - Animate Skeleton      Necr           26%        N/A       4%          1
c - Vampiric Draining     Necr           6%         2d6       14%         3
d - Animate Dead          Necr           6%         N/A       43%         4
e - Agony                 Necr           13%        N/A       78%         5
Your spell library was empty.

Dungeon Overview and Level Annotations

Branches:
Dungeon (2/15)

Altars:


Innate Abilities, Weirdness & Mutations

You are immune to sickness and miasma.
You are immune to poison.
Your flesh is very heat resistant. (rF++)
You are vulnerable to cold. (rC-)
You float through the air rather than walking.
You learn spells naturally, not from books.
Your magical power is your life essence.
You have superior vitality. (+4 HP)


Message History

Unknown command.
Casting: Pain (safe; 4% risk of failure)
Confirm with . or Enter, or press ? or * to list all spells.
Aiming: Pain (safe; 4% risk of failure)
Press: ? - help, Shift-Dir - straight line, f/p - endoplasm
Aim: an endoplasm (severely wounded, chance to affect: 83%)
The endoplasm writhes in agony.
You kill the endoplasm!
* * * LOW HITPOINT WARNING * * *
Unknown command.
You now have 33 gold pieces (gained 17).
You reach down and open the door.
Your magical contamination has completely faded away.
There is an open door here.
There is a stone staircase leading up here.
You fly upwards.
There is a stone staircase leading down here.
There is a staircase leading out of the dungeon here.
A bat comes into view.
Found a ring mail.
Casting: Pain (safe; 4% risk of failure)
Confirm with . or Enter, or press ? or * to list all spells.
You can't see any susceptible monsters within range! (Use Z to cast anyway.) Unknown command.
Casting: Pain (safe; 4% risk of failure)
Confirm with . or Enter, or press ? or * to list all spells.
Aiming: Pain (safe; 4% risk of failure)
Press: ? - help, Shift-Dir - straight line, f - bat
Aim: a bat (asleep, chance to affect: 83%)
The bat barely resists.
* * * LOW HITPOINT WARNING * * *
Unknown command.
The bat barely misses you.
You closely miss the bat. The bat barely misses you.
You closely miss the bat. The bat barely misses you. x3
You barely miss the bat. The bat closely misses you.
The bat hits you but does no damage.
You barely miss the bat. The bat closely misses you. The bat hits you.
You die...

#####...## .#
#.......#..##### .#
...............# .#####
.... #.........####.#...#
....##..................##
...........##.............
...........##.............
.................b#.......
................@.#.#...##
.....<........##..#.# ....
....>.........##....# #.#
.....................# ^
......................#
...........##..........#
...........# ...........
....##...........[......
....##.......


You could see a bat.

Vanquished Creatures
  An endoplasm (D:2)
1 creature vanquished.

Notes
Turn   | Place    | Note
-------+----------+-------------------------------------------
     0 | D:1      | Spectrina the Djinni Necromancer began the quest for the
                  | Orb.
     0 | D:1      | Reached XP level 1. HP: 15/15 MP: 0/0
    73 | D:1      | Slain by a bat

Illustrated notes

Levels and vault maps discovered:
D:1:      dpeg_arrival_stonehenge_8_columns, layout_loops_corners,
          ebering_ecumenical_altar_webs, dk_noncrumbling_4,
          kennysheep_another_room, skrybe_limestone_x
D:2:      layout_basic

Action                   || total
-------------------------++-------
Melee: Unarmed           ||     4
 Cast: Pain              ||     5
Armor: Robe              ||     1
Dodge: Dodged            ||     8
